 Dungeon Crawl Stone Soup version bcrawl-1.27.7 (webtiles) character file.

Game seed: 3322436846619150556

191990 Freyura the Shield-Bearer (level 7, -1/63 HPs)
             Began as a Hill Orc Fighter on Oct 15, 2020.
             Was a Follower of Okawaru.
             Splashed by a jelly's acid (11 damage)
             ... on level 5 of the Dungeon.
             The game lasted 00:13:00 (4628 turns).

Freyura the Shield-Bearer (Hill Orc Fighter)        Turns: 4628, Time: 00:13:00

Health: -1/63      AC: -1    Str: 17    XL:     7   Next: 72%
Magic:  8/10       EV:  3    Int:  8    God:    Okawaru [*.....]
Gold:   349        SH: 18    Dex: 12    Spells: 6/6 levels left

rFire    . . .     SeeInvis .   k - +0 morningstar
rCold    + . .     Gourm    .   g - +1 large shield
rNeg     . . .     Faith    .   m - +2 chain mail {rC+}
rPois    .         Spirit   .   h - -2 helmet (curse)
rElec    .         Reflect  .   (no cloak)
rCorr    .         Harm     .   (no gloves)
MR       .....                  (no boots)
Stlth    ..........             (no amulet)
HPRegen  0.20/turn              (no ring)
MPRegen  0.12/turn              (no ring)

@: heroism, corroded
A: molten scales 1, weak 1
a: Heroism, Renounce Religion


You were on level 5 of the Dungeon.
You worshipped Okawaru.
Okawaru was aware of your devotion.
You were not hungry.

You visited 1 branch of the dungeon, and saw 5 of its levels.

You collected 349 gold pieces.

Inventory:

Hand Weapons
 a - a +1 flail
 j - a +1 flail of venom
 k - a +0 morningstar (weapon)
Armour
 b - a +0 scale mail
 c - a +0 medium shield
 g - a +1 large shield (worn)
 h - a cursed -2 helmet (worn)
 m - a +2 chain mail of cold resistance (worn)
 v - a +1 pair of gloves
Wands
 r - a wand of digging (7)
 t - a wand of iceblast (5)
Scrolls
 f - 2 scrolls of identify
 p - 3 scrolls of teleportation
 s - a scroll of remove curse
 x - a scroll of fog
Potions
 d - a potion of might
 l - a potion of brilliance {unknown}
 n - a potion of agility
 o - a potion of flight {unknown}
 q - 2 potions of haste {unknown}
 u - a potion of ambrosia {unknown}
 w - a potion of curing
Comestibles
 e - 9 rations {!d}
 i - a chunk of flesh


   Skills:
 * Level 6.0(11.0) Fighting
   Level 6.0(11.0) Short Blades
   Level 6.0(11.0) Long Blades
   Level 6.0(11.0) Axes
   Level 6.0(11.0) Maces & Flails
   Level 6.0(11.0) Polearms
   Level 6.0(11.0) Staves
 - Level 4.0(9.0) Armour
 * Level 6.4(11.4) Shields
   Level 6.0(11.0) Unarmed Combat
 + Level 4.0 Invocations


You had 6 spell levels left.
You didn't know any spells.
Your spell library was empty.

Dungeon Overview and Level Annotations

Branches:
Dungeon (5/12)
 Temple: D:4-7

Altars:
Ashenzari
Cheibriados
Fedhas
Gozag
Nemelex Xobeh
Okawaru
Qazlal
Sif Muna

Shops:
D:4 (   D:5 (


Innate Abilities, Weirdness & Mutations

You are partially covered in molten scales. (AC +2)
You are weak. (Str -2)


Message History

You block the jelly's attack.
You puncture the jelly!
Your hands burn!
The jelly is almost dead.
You block the jelly's attack.
Your shield and chain mail prevent you from hitting the jelly.
The jelly is almost dead.
The jelly hits you. The acid corrodes you!
You are splashed with acid!
* * * LOW HITPOINT WARNING * * *
The jelly barely misses you.
You hit the jelly but do no damage.
Your hands burn!
* * * LOW HITPOINT WARNING * * *
The jelly is almost dead.
You block the jelly's attack.
You hit the jelly but do no damage.
Your hands burn!
* * * LOW HITPOINT WARNING * * *
The jelly is almost dead.
The jelly hits you.
* * * LOW HITPOINT WARNING * * *
You are splashed with acid!
You die...

#...#......###.##.#
####.......#........
#
#........########.###
#.##.###.# .# #
#.###.# #..##.# .
#.∩...# ...
#.####...####.....
#.........@JJ.....
######...####.....
#..## ... #.## . #.#
... .#.# #.#.


You could see 2 jellies.

Vanquished Creatures
  Purgy (D:3)
  A sky beast (D:5)
  2 scorpions
  A crimson imp (D:5)
  A hound (D:4)
  A bullfrog skeleton (D:5)
  An iguana (D:4)
  3 worker ants
  4 gnolls (D:5)
  6 adders
  3 worms
  A dart slug (D:2)
  6 leopard geckos
  20 orcs
  7 giant cockroaches
  6 goblins
  9 hobgoblins
  15 jackals
  12 kobolds
  4 quokkas
  A ball python (D:3)
  4 bats
  6 frilled lizards
  5 rats
120 creatures vanquished.

Notes
Turn   | Place    | Note
-------+----------+-------------------------------------------
     0 | D:1      | Freyura the Hill Orc Fighter began the quest for the Orb.
     0 | D:1      | Reached XP level 1. HP: 20/20 MP: 1/1
   129 | D:1      | Reached XP level 2. HP: 27/27 MP: 2/2
   479 | D:1      | Reached XP level 3. HP: 34/34 MP: 3/3
   886 | D:2      | Found an iron altar of Okawaru.
   899 | D:2      | Became a worshipper of Warmaster Okawaru
  1044 | D:2      | Found a blossoming altar of Fedhas.
  1337 | D:2      | Reached XP level 4. HP: 41/41 MP: 4/4
  1567 | D:2      | Gained mutation: You are weak. (Str -2) [potion of
                  | mutation]
  1567 | D:2      | Gained mutation: You are partially covered in molten
                  | scales. (AC +2) [potion of mutation]
  1781 | D:3      | Found an opulent altar of Gozag.
  1782 | D:3      | Found a sparkling altar of Nemelex Xobeh.
  1848 | D:3      | Reached skill level 1 in Invocations
  2034 | D:3      | Reached XP level 5. HP: 40/47 MP: 5/5
  2163 | D:3      | Found a faded altar of an unknown god.
  2166 | D:3      | Noticed Purgy
  2179 | D:3      | Killed Purgy
  2179 | D:3      | Reached * piety under Okawaru
  2179 | D:3      | Reached skill level 5 in Fighting
  2179 | D:3      | Reached skill level 5 in Shields
  2179 | D:3      | Reached XP level 6. HP: 47/56 MP: 7/7
  2466 | D:3      | Found a shimmering blue altar of Sif Muna.
  2780 | D:4      | Found Pulocyvu's Weapon Boutique.
  2983 | D:4      | Found a snail-covered altar of Cheibriados.
  3183 | D:4      | Found a shattered altar of Ashenzari.
  3874 | D:4      | Found a stormy altar of Qazlal.
  3894 | D:4      | Reached XP level 7. HP: 47/61 MP: 9/9
  4135 | D:5      | Entered Level 5 of the Dungeon
  4262 | D:5      | Found a shattered altar of Ashenzari.
  4606 | D:5      | Found Hybbim's Weapon Boutique.
  4628 | D:5      | Splashed by a jelly's acid

Skill      XL: |  1  2  3  4  5  6  7 |
---------------+----------------------+-----
Shields        | 4 5 6 |  6.4
Invocations    | 1 2 3 4 |  4.0
Armour         | 4 |  4.0
Fighting       | 5 6 |  6.0
Short Blades   | |  6.0
Long Blades    | |  6.0
Axes           | |  6.0
Maces & Flails | |  6.0
Polearms       | |  6.0
Staves         | |  6.0
Unarmed Combat | |  6.0

Action                   |  1- 3 |  4- 6 |  7- 9 || total
-------------------------+-------+-------+-------++-------
Melee: Flail             |   140 |   116 |       ||   256
       Morningstar       |       |   148 |    85 ||   233
Invok: Heroism           |       |     2 |     3 ||     5
  Use: Scroll            |       |    11 |       ||    11
       Potion            |       |     4 |       ||     4
  Eat: Chunk             |     6 |    18 |     6 ||    30
Armor: Scale mail        |    93 |    68 |       ||   161
       Chain mail        |       |   121 |    62 ||   183
Dodge: Dodged            |    52 |    44 |     3 ||    99
Block: Medium shield     |    71 |    90 |       ||   161
       Large shield      |       |   181 |    79 ||   260
